 Dungeon Crawl Stone Soup version 0.18-a0-1727-g7ae74ef (webtiles) character file.

12497 Bzz the Fighter (level 11, 0/104 HPs)
             Began as a Minotaur Fighter on Apr 10, 2016.
             Was a Believer of Okawaru.
             Engulfed by an ice statue's freezing vapour (9 damage)
             ... in an ice cave.
             The game lasted 00:29:49 (11845 turns).

Bzz the Fighter (Minotaur Fighter)                 Turns: 11845, Time: 00:29:51

Health: 0/104      AC: 24    Str: 24    XL:     11   Next: 63%
Magic:  16/16      EV: 12    Int:  5    God:    Okawaru [**....]
Gold:   602        SH: 12    Dex: 10    Spells: 0 memorised, 18 levels left

rFire  . . .     SeeInvis .     i - +2 war axe (chop)
rCold  . . .     Gourm    .     y - +5 plate armour
rNeg   . . .     Faith    .     c - +1 shield
rPois  .         Spirit   .     (helmet restricted)
rElec  .         Dismiss  .     u - +1 cloak
rCorr  .         Reflect  .     o - +2 pair of gloves
SustAt .         Harm     .     (no boots)
MR     .....                    (no amulet)
Stlth  ..........               H - +2 ring of evasion
                                q - +2 ring of evasion

@: very slightly contaminated, hasted, very quick, not resistant to hostile
enchantments, extremely unstealthy
A: retaliatory headbutt, horns 2
a: Heroism, Renounce Religion


You were in an ice cave.
You worshipped Okawaru.
Okawaru was pleased with you.
You were very hungry.

You visited 3 branches of the dungeon, and saw 11 of its levels.
You also visited: Ossuary and Ice Cave.

You collected 602 gold pieces.

Inventory:

Hand Weapons
 a - a +1 war axe
 i - a +2 war axe of chopping (weapon)
 v - a +1 flail of holy wrath
Armour
 c - a +1 shield (worn)
 o - a +2 pair of gloves (worn)
 u - a +1 cloak (worn)
 y - a +5 plate armour (worn)
Magical Staves
 h - an uncursed staff of poison {unknown}
Jewellery
 g - an uncursed ring of ice
 q - a +2 ring of evasion (left hand)
 H - a +2 ring of evasion (right hand)
Wands
 b - a wand of lightning (3/15)
 x - a wand of slowing (26/48)
 z - a wand of confusion (29/48)
 E - a wand of polymorph (10/24)
 F - a wand of slowing (8/48)
Scrolls
 j - a scroll of amnesia
 m - 2 scrolls of magic mapping
 n - a scroll of recharging {unknown}
 t - 4 scrolls of remove curse
 B - a scroll of brand weapon {unknown}
 C - 3 scrolls of teleportation
 D - a scroll of enchant weapon
Potions
 e - 7 potions of curing
 p - 2 potions of flight
 A - a potion of haste
Books
 d - a book of Summonings

   Spells                             Type                      Level
   a - Recall                         Summoning/Translocation      3
   b - Aura of Abjuration             Summoning                    5
   c - Summon Demon                   Summoning                    5
   d - Summon Forest                  Summoning/Translocation      5
   e - Summon Mana Viper              Hexes/Summoning              5
   f - Shadow Creatures               Summoning                    6
 s - a book of Power

   Spells                             Type                      Level
   a - Fulminant Prism                Conjuration/Hexes            4
   b - Iskenderun's Mystic Blast      Conjuration                  4
   c - Venom Bolt                     Conjuration/Poison           5
   d - Bolt of Magma                  Conjuration/Fire/Earth       5
   e - Iron Shot                      Conjuration/Earth            6
   f - Orb of Destruction             Conjuration                  7
   g - Spellforged Servitor           Conjuration/Summoning        7
Comestibles
 f - 9 bread rations
 k - 4 meat rations
 l - a slice of pizza
 r - a royal jelly
 w - 3 fruits


   Skills:
 * Level 11.7 Fighting
 * Level 10.9 Axes
 + Level 8.7 Armour
 + Level 7.7 Dodging
 + Level 8.9 Shields
 + Level 4.4 Spellcasting


You had 18 spell levels left.
You didn't know any spells.

Dungeon Overview and Level Annotations

Branches:
Dungeon (9/15)             Temple (1/1) D:4            Lair (1/8) D:8
    Orc: D:9-12

Altars:
Ashenzari
Cheibriados
Dithmenos
Elyvilon
Fedhas
Gozag
Kikubaaqudgha
Makhleb
Nemelex Xobeh
Okawaru
Pakellas
Qazlal
Ru
Sif Muna
Trog
Vehumet
Xom
Yredelemnul
Zin
The Shining One

Shops:
D:7 =

Annotations:
D:4 1 runed door IceCv exclusion: 2 ice statues


Innate Abilities, Weirdness & Mutations

You reflexively headbutt those who attack you in melee.
You have a pair of horns on your head.


Message History

Unknown command.
You are too injured to fight recklessly!
Unknown command.
You are too injured to fight recklessly!
Unknown command.
You hit the ice statue but do no damage.
The ice statue is almost destroyed.
You hit the ice beast but do no damage.
You are engulfed in freezing vapours.
* * * LOW HITPOINT WARNING * * *
You block the ice beast's attack.
Unknown command.
Drink which item? (? for menu, Esc to quit)
Okay, then.
You hit the ice statue.
You headbutt the ice statue, but do no damage.
The ice statue is almost destroyed.
You hit the ice beast.
The ice beast is moderately wounded.
You are engulfed in freezing vapours.
You die...

#...## ##...##
##...# ##..#
##..## #..## #
##.§####
##8#...§#8##
##.Y....§@Y.##
........§§§§.#
..............#
...............#
...............#
..............##
##...........##
###........##
###....###


You could see 2 ice statues and 2 ice beasts.

Vanquished Creatures
  Erolcha (D:9)
  An oklob plant (Lair:1)
  The ghost of Bzz the Digger, a novice GrEE of Vehumet (D:5)
  A spiny frog (Lair:1)
  2 kobold demonologists (D:8)
  Prince Ribbit (D:8)
  21 yaks
  A hippogriff (D:8)
  A basilisk (D:8)
  A hungry ghost (D:9)
  Edmund (D:6)
  3 porcupines
  14 ice beasts
  2 orc warriors (D:9)
  3 sky beasts
  3 ogres
  2 crocodiles (D:8)
  2 centaurs
  6 big kobolds
  7 elf zombies (Ossuary)
  6 giant frogs
  A water moccasin zombie (D:9)
  5 scorpions
  A howler monkey (D:4)
  4 wights (D:9)
  4 crimson imps
  3 centaur zombies
  2 giant frog skeletons
  A giant frog zombie (D:7)
  3 human zombies (Ossuary)
  3 hounds
  4 jellies
  5 orc priests
  6 worker ants
  9 iguanas
  12 orc wizards
  2 hound skeletons
  4 mummies
  A worker ant zombie (D:8)
  4 gnolls (D:6)
  12 adders
  3 river rats (D:8)
  4 shadow imps
  12 white imps (Lair:1)
  5 worms
  3 dart slugs
  7 giant geckos
  36 orcs
  3 ball pythons
  5 giant cockroaches
  11 goblins
  10 hobgoblins
  3 jackals (D:7)
  39 kobolds
  6 quokkas
  7 bats
  A giant cockroach zombie (D:5)
  A giant gecko skeleton (D:5)
  5 giant newts
  A goblin zombie (D:7)
  A hobgoblin zombie (D:7)
  2 quokka skeletons
  4 rats
  3 plants (D:5)
338 creatures vanquished.

Vanquished Creatures (others)
  A yak (D:8)
  A crocodile (D:8)
  2 fungi (D:8)
  2 plants (Lair:1)
6 creatures vanquished.

Grand Total: 344 creatures vanquished

Notes
Turn   | Place    | Note
--------------------------------------------------------------
     0 | D:1      | Bzz the Minotaur Fighter began the quest for the Orb.
     0 | D:1      | Reached XP level 1. HP: 19/19 MP: 0/0
   177 | D:1      | Reached skill level 4 in Fighting
   204 | D:1      | Reached XP level 2. HP: 26/27 MP: 1/1
   687 | D:2      | Reached XP level 3. HP: 33/33 MP: 2/2
  1452 | D:3      | Reached skill level 1 in Dodging
  1762 | D:3      | Found a shimmering altar of Xom.
  1802 | D:3      | Found a glowing golden altar of the Shining One.
  1807 | D:3      | Reached XP level 4. HP: 41/41 MP: 3/3
  1864 | D:3      | Found a shadowy altar of Dithmenos.
  2463 | D:4      | Reached XP level 5. HP: 30/47 MP: 4/4
  2611 | D:4      | Found a staircase to the Ecumenical Temple.
  2625 | Temple   | Entered the Ecumenical Temple
  2900 | D:4      | Found a sparkling altar of Nemelex Xobeh.
  2929 | D:4      | Reached skill level 5 in Fighting
  2949 | D:4      | Reached skill level 1 in Spellcasting
  2976 | D:4      | Found a runed door.
  2976 | D:4      | Found a glowing silver altar of Zin.
  2976 | D:4      | Noticed an angel
  3099 | D:4      | Noticed an ogre
  3108 | D:4      | Killed an ogre
  3108 | D:4      | Reached XP level 6. HP: 11/56 MP: 6/6
  3904 | D:4      | Reached XP level 7. HP: 62/62 MP: 8/8
  3963 | D:4      | Reached skill level 5 in Axes
  4039 | D:4      | Reached skill level 5 in Shields
  4276 | D:4      | Reached skill level 5 in Armour
  4454 | D:5      | Entered Level 5 of the Dungeon
  4465 | D:5      | Reached skill level 6 in Fighting
  4549 | D:5      | Found a shattered altar of Ashenzari.
  4673 | D:5      | Noticed Bzz's ghost (novice GrEE)
  4695 | D:5      | Killed Bzz's ghost
  4695 | D:5      | Reached XP level 8. HP: 56/71 MP: 8/10
  5927 | D:6      | Reached skill level 7 in Fighting
  6239 | D:6      | Noticed Edmund
  6246 | D:6      | Killed Edmund
  6441 | D:6      | Found a basalt altar of Yredelemnul.
  7003 | D:7      | Found an ancient bone altar of Kikubaaqudgha.
  7053 | D:7      | Found a sacrificial altar of Ru.
  7073 | D:7      | Found Ucoloq's Jewellery Shop.
  7130 | D:7      | Found a glowing silver altar of Zin.
  7149 | D:7      | Reached XP level 9. HP: 81/81 MP: 11/11
  7207 | D:7      | Found a sand-covered staircase.
  7217 | Ossuary  | Entered an ossuary
  7374 | Ossuary  | Reached skill level 8 in Fighting
  7628 | D:7      | Reached skill level 5 in Dodging
  7844 | D:7      | Found a white marble altar of Elyvilon.
  8465 | D:8      | Reached skill level 9 in Fighting
  8473 | D:8      | Found a staircase to the Lair.
  8483 | D:8      | Reached XP level 10. HP: 70/91 MP: 14/14
  8533 | D:8      | Reached skill level 10 in Fighting
  8992 | D:8      | Noticed Prince Ribbit
  8998 | D:8      | Found a deep blue altar of Sif Muna.
  9004 | D:8      | Killed Prince Ribbit
  9014 | D:8      | Noticed a rust devil
  9278 | D:8      | Found a stormy altar of Qazlal.
  9710 | D:9      | Reached skill level 10 in Axes
  9820 | D:9      | Reached XP level 11. HP: 101/101 MP: 16/16
 10003 | D:9      | Noticed Erolcha
 10011 | D:9      | Killed Erolcha
 10247 | D:9      | Reached skill level 11 in Fighting
 10423 | D:9      | Found an iron altar of Okawaru.
 10493 | D:9      | Became a worshipper of Warmaster Okawaru
 10698 | Lair:1   | Entered Level 1 of the Lair of Beasts
 10698 | Lair:1   | Noticed an oklob plant
 10724 | Lair:1   | Killed an oklob plant
 11064 | Lair:1   | Found a frozen archway.
 11073 | Lair:1   | Reached * piety under Okawaru
 11124 | IceCv    | Entered an ice cave
 11314 | IceCv    | Reached ** piety under Okawaru
 11845 | IceCv    | Engulfed by an ice statue's freezing vapour

Vault maps used:
D:1:      lemuel_arrival_muddy, wad_floor_pattern_untrapped
D:2:      grunt_ministairs_3
D:3:      nicolae_overflow_crystal_walls, grunt_dithmenos_smoke,
          marbit_many_paths
D:4:      kennysheep_mini_moat, minmay_temple_entry_grid, first_bread,
          lemuel_angel_altar
D:5:      kennysheep_kobold_camp, lemuel_doored_altar
D:6:      corexii_shantytown, lemuel_coloured_pillars_altar, uniq_edmund
D:7:      kennysheep_little_box, old_standard_altar, kennysheep_mini,
          nicolae_ru_great_annihilating_truth, serial_shops, shop_coins,
          nicolae_ossuary_entry_giza
D:8:      lemuel_round_altar, grunt_qazlal_clouds, minmay_lair_entry_grove,
          uniq_prince_ribbit1
D:9:      okawaru_metal_pillars_3, uniq_erolcha
Temple:   temple_island_7
Lair:1:   portal_ice_cave_entry_imps, minmay_stone_trees_small,
          dpeg_stationary_puzzle, grunt_megastairs_2
Ossuary:  ossuary_minmay_four_chambers
IceCv:    ice_cave_small_dragons

Skill      XL: |  1  2  3  4  5  6  7  8  9 10 11 |
---------------+----------------------------------+-----
Fighting       | 4 5 6 7 9 10 11 | 11.7
Shields        | 4 5 6 7 8 |  8.9
Axes           | 3 4 6 7 8 10 | 10.9
Dodging        | 1 2 3 4 5 6 7 |  7.7
Armour         | 4 5 6 7 8 |  8.7
Spellcasting   | 1 2 3 4 |  4.4

Action                   |  1- 3 |  4- 6 |  7- 9 | 10-12 || total
-------------------------+-------+-------+-------+-------++-------
Melee: War axe           |   101 |    92 |   424 |   316 ||   933
  Use: Scroll            |       |    14 |     8 |     1 ||    23
       Potion            |       |     1 |     6 |     5 ||    12
 Stab: Invisible         |       |       |    13 |     8 ||    21
       Paralysed         |       |       |     1 |       ||     1
       Petrified         |       |       |       |     1 ||     1
  Eat: Chunk             |     3 |     3 |    13 |    13 ||    32
       Bread ration      |       |     1 |       |       ||     1
       Beef jerky        |       |       |     1 |       ||     1
       Pizza             |       |       |     1 |       ||     1
